 Dungeon Crawl Stone Soup version 0.31-a0-102-g33a4ccc0cb (webtiles) character file.

Game seed: 15473927570014043868

1080 voltaire321 the Chiller (level 8, 0/61 HPs)
             Began as a Merfolk Ice Elementalist on May 26, 2023.
             Slain by an orc warrior
             ... wielding a +1 long sword of electrocution
              (15 damage)
             ... on level 6 of the Dungeon.
             The game lasted 00:13:10 (5930 turns).

voltaire321 the Chiller (Merfolk Ice Elementalist)  Turns: 5930, Time: 00:13:12

Health: 0/61       AC:  2    Str: 10    XL:     8   Next: 29%
Magic:  14/14      EV: 14    Int: 15    God:
Gold:   218        SH:  0    Dex: 14    Spells: 8/15 levels left

rFire   . . .        o - +1 whip (elec)
rCold   . . .        (no shield)
rNeg    . . .        a - +0 robe
rPois   .            (no helmet)
rElec   .            (no cloak)
rCorr   .            (no gloves)
SInv    .            (no boots)
Will    .....        k - amulet of magic regeneration
Stlth   ++           (no ring)
HPRegen 0.30/turn    (no ring)
MPRegen 0.54/turn

%: no passive effects
@: no status effects
A: (nimble swimmer 2), mertail
a: no special abilities


You were on level 6 of the Dungeon.
You visited 1 branch of the dungeon, and saw 6 of its levels.

You collected 218 gold pieces.

Inventory:

Hand Weapons
 e - a +1 vampiric whip
 o - a +1 whip of electrocution (weapon)
 q - a +0 trident
 x - a +0 scimitar
Missiles
 c - 15 poisoned darts
Armour
 a - a +0 robe (worn)
Jewellery
 k - an amulet of magic regeneration (around neck)
 m - a ring of protection from cold
 u - a ring of fire
Scrolls
 d - 3 scrolls of identify
 h - 2 scrolls of immolation {unknown}
 p - a scroll of noise {unknown}
 t - a scroll of amnesia {unknown}
 v - 2 scrolls of fog
Potions
 b - a potion of magic
 f - 2 potions of brilliance {unknown}
 g - 3 potions of might
 i - a potion of invisibility {unknown}
 j - a potion of curing {unknown}
 l - 2 potions of ambrosia {unknown}
 n - a potion of enlightenment {unknown}
 r - a potion of lignification {unknown}
 s - a potion of attraction {unknown}
 w - a potion of berserk rage {unknown}


   Skills:
 + Level 4.3 Fighting
 + Level 3.0 Armour
 + Level 6.1 Dodging
 - Level 2.1 Stealth
 + Level 4.2 Spellcasting
 + Level 6.4 Ice Magic


You had 8 spell levels left.
You knew the following spells:

 Your Spells              Type           Power      Damage    Failure   Level
a - Freeze                Ice            88%        1d9       1%          1
b - Frozen Ramparts       Ice            44%        1d7       3%          3
c - Ozocubu's Armour      Ice            22%        N/A       3%          3

Your spell library contained the following spells:

 Spells                   Type           Power      Damage    Failure   Level
 Cigotuvi's Dreadful Rot  Necr/Pois/Air  2%         N/A       34%         2
 Summon Ice Beast         Ice/Summ       11%        N/A       52%         4
 Dazzling Flash           Conj/Hex       2%         N/A       54%         3
 Volatile Blastmotes      Fire/Tloc      2%         2d10      54%         3
 Ignite Poison            Fire/Tmut/Pois 1%         N/A       56%         3
 Iskenderun's Mystic Bla  Conj/Tloc      1%         2d3       91%         4
 Freezing Cloud           Conj/Ice/Air   3%         6-21      95%         5
 Starburst                Conj/Fire      0%         6d3       100%        6


Dungeon Overview and Level Annotations

Branches:
Dungeon (6/15)
 Temple: D:4-7

Altars:
Cheibriados
Gozag
Hepliaklqana
Kikubaaqudgha
Okawaru
Trog
Vehumet

Annotations:
D:3 3 runed translucent doors, bungle's ghost, weakling DsGl


Innate Abilities, Weirdness & Mutations

((You are very nimble when in or above water. (Stealth+, EV+, Speed+++)))
Your lower body shifts to a powerful aquatic tail in water.


Message History

Some deep water.
The walls around you are covered in ice.
The wall freezes the sky beast.
The sky beast closely misses you.
The wall freezes the orc warrior.
The wight completely resists.
The wall freezes the wight but does no damage.
You completely miss the sky beast.
The sky beast is almost dead.
The wall freezes the sky beast.
The sky beast flickers out of sight!
Deactivating autopickup; reactivate with Ctrl-A.
Something hits you.
* * * LOW HITPOINT WARNING * * *
Something shocks you.
* * * LOW HITPOINT WARNING * * *
The wight completely resists.
The wall freezes the wight but does no damage.
You barely miss something.
The wall freezes something.
Reactivating autopickup.
You feel a bit more experienced.
The wight completely resists.
The wall freezes the wight but does no damage.
Your life force feels restored.
Your Armour skill increases to level 3!
Your icy armour and frozen ramparts will break if you move.
Continue? [Y]es or [N]o only, please.
Your icy armour and frozen ramparts will break if you move.
Continue?
Your icy armour cracks and falls away as you move.
The frozen ramparts melt away as you move.
You see here a sky beast corpse.
You start resting.
An orc warrior is nearby!
As you read the scroll labelled GEXOMEGRING, it crumbles to dust.
It is a scroll of identify.
g - 3 potions of might
As you read the scroll labelled ZYIHUL HUPROE, it crumbles to dust.
The scroll dissolves into smoke.
It was a scroll of fog.
The orc warrior attacks as you move away!
The orc warrior barely misses you.
You see here a sky beast corpse.
The orc warrior attacks as you move away!
The orc warrior hits you with a +1 long sword of electrocution!
You die...

.........≈##.##≈..............
........#≈≈≈.≈≈≈#.....##......
................o.....# ......
.........≈≈≈.≈≈≈..........o...
.........≈##.##≈......##. ...
.........≈#≈.≈#≈...[..# ....
.........≈#≈_≈#≈##+#### .....
...>.....≈#≈≈≈#≈#§§§..##.....
.......†≈#####≈@o§§§........
.......#≈≈≈≈≈≈≈#§§§.........
.......##....z##.§§§........
.......#......##.§...##.....
.<.....#......######+# .....
.......#............ ....
.......#......)..... ....
.......#..........s. ...
+......##....


You could see an orc warrior and a wight.

Vanquished Creatures
  Pargi (D:3)
  An ice beast (D:5)
  3 black bears
  A sky beast (D:6)
  An ogre (D:4)
  A scorpion (D:6)
  2 orc priests
  2 hounds (D:4)
  A jelly (D:6)
  Jessica (D:2)
  An orc wizard (D:5)
  8 adders
  A shadow imp (D:5)
  A white imp (D:5)
  An ufetubus (D:5)
  4 dart slugs
  10 orcs
  9 endoplasms
  2 giant cockroaches
  9 goblins
  6 hobgoblins
  8 kobolds
  5 quokkas
  5 ball pythons
  2 bats
  A frilled lizard (D:2)
  5 rats
92 creatures vanquished.

Notes
Turn   | Place    | Note
-------+----------+-------------------------------------------
     0 | D:1      | voltaire321 the Merfolk Ice Elementalist began the quest
                  | for the Orb.
     0 | D:1      | Reached XP level 1. HP: 13/13 MP: 3/3
   293 | D:1      | Reached XP level 2. HP: 19/20 MP: 1/5
   555 | D:1      | Found a faded altar of an unknown god.
  1139 | D:2      | Reached skill level 1 in Fighting
  1192 | D:2      | Reached XP level 3. HP: 25/26 MP: 1/6
  1196 | D:2      | Learned a level 3 spell: Frozen Ramparts
  1682 | D:2      | Reached XP level 4. HP: 23/32 MP: 4/7
  1683 | D:2      | Reached skill level 1 in Armour
  1726 | D:2      | Learned a level 3 spell: Ozocubu's Armour
  1985 | D:2      | Noticed Jessica
  1993 | D:2      | Killed Jessica
  2261 | D:3      | Found a runed translucent gate.
  2261 | D:3      | Found a runed translucent gate.
  2262 | D:3      | Found a runed translucent gate.
  2263 | D:3      | Found an opulent altar of Gozag.
  2264 | D:3      | Noticed bungle's ghost (weakling DsGl)
  2264 | D:3      | Noticed a scorpion
  2335 | D:3      | Reached XP level 5. HP: 36/38 MP: 7/9
  2484 | D:3      | Reached skill level 5 in Ice Magic
  2502 | D:3      | Noticed a black bear
  2526 | D:3      | Killed a black bear
  2755 | D:3      | Reached XP level 6. HP: 34/46 MP: 8/10
  2844 | D:3      | Found a snail-covered altar of Cheibriados.
  2867 | D:3      | Noticed Pargi
  2884 | D:3      | Killed Pargi
  3556 | D:4      | Found an ancient bone altar of Kikubaaqudgha.
  3796 | D:4      | Found a hazy altar of Hepliaklqana.
  3875 | D:4      | Reached skill level 5 in Dodging
  3875 | D:4      | Reached XP level 7. HP: 6/52 MP: 7/12
  4044 | D:4      | Found an iron altar of Okawaru.
  4730 | D:5      | Entered Level 5 of the Dungeon
  5354 | D:5      | Reached XP level 8. HP: 33/60 MP: 14/14
  5732 | D:6      | Found a bloodstained altar of Trog.
  5733 | D:6      | Found a radiant altar of Vehumet.
  5930 | D:6      | Slain by an orc warrior

Illustrated notes

Levels and vault maps discovered:
D:1:      minmay_arrival_solitary_statue, layout_loops_corners,
          hellmonk_ecumenical_altar_slurped_away, chequers_garden
D:2:      layout_basic, uniq_jessica
D:3:      layout_loops_corners, kennysheep_slug_shrine, ebering_ghost_gozag,
          minmay_statues_item, minmay_misc_feat_hallway, uniq_pargi
D:4:      layout_basic, nicolae_kikubaaqudgha_miasma_corner,
          mainiacjoe_overflow_large_starburst
D:5:      layout_basic
D:6:      nicolae_whirlpool, layout_gridville, nicolae_overflow_two_pavilions

Skill      XL: |  1  2  3  4  5  6  7  8 |
---------------+-------------------------+-----
Dodging        | 3 4 5 6 |  6.1
Fighting       | 1 2 3 4 |  4.3
Armour         | 1 2 3 |  3.0
Ice Magic      | 5 6 |  6.4
Spellcasting   | 3 4 |  4.2
Stealth        | |  2.1

Action                     |  1- 3 |  4- 6 |  7- 9 || total
---------------------------+-------+-------+-------++-------
  Melee: Whip              |    67 |   117 |    97 ||   281
         Unarmed           |     1 |       |       ||     1
         Punch             |     1 |       |     1 ||     2
         Tailslap          |       |       |     1 ||     1
  Throw: Dart              |       |     2 |     3 ||     5
   Cast: Freeze            |    27 |     8 |       ||    35
         Frozen Ramparts   |       |     6 |    10 ||    16
         Ozocubu's Armour  |       |     3 |     4 ||     7
    Use: Scroll            |       |       |     2 ||     2
   Stab: Sleeping          |     5 |     9 |     2 ||    16
         Distracted        |       |     1 |       ||     1
 Armour: Robe              |     9 |    31 |    17 ||    57
  Dodge: Dodged            |    66 |    88 |    73 ||   227

Table legend: (Time is in decaauts)
 A = Elapsed time spent in this place.
 B = Non-inter-level travel time spent in this place.
 C = Inter-level travel time spent in this place.
 D = Time resting spent in this place.
 E = Time spent auto-exploring this place.
 F = Levels seen in this place.
 G = Mean time per level.
                   A        B        C        D        E       F      G
               +--------+--------+--------+--------+--------+-----+--------+
         Total |   5929 |   5770 |    159 |   1115 |   3550 |   6 |  988.2 |
       Dungeon |   5929 |   5770 |    159 |   1115 |   3550 |   6 |  988.2 |
               +--------+--------+--------+--------+--------+-----+--------+

Top non-repeatable levels by time:
     D:4: 1402 daAuts
     D:3: 1230 daAuts
     D:1: 1132 daAuts
     D:2: 981 daAuts
     D:5: 894 daAuts
     D:6: 288 daAuts
